| TOP OF THE 1ST |
|
San Diego Padres batting - Pitching for Toronto Blue Jays : RHP Hipolito Pichardo
|
|
Pitching: RHP Hipolito Pichardo
|
|
|
Batting: RHB Jeff Frye
|
0-0: Ball 1-0: Foul Ball, location: 2F 1-1: Ball 2-1: Called Strike 2-2: Foul Ball, location: 2F 2-2: Foul Ball, location: 2F 2-2: Ground out 1-3 (Groundball, P, EV 63.1 MPH)
|
|
Batting: RHB Carlos Quintana
|
0-0: Ball 1-0: Foul Ball, location: 2F 1-1: Ball 2-1: Foul Ball, location: 2F 2-2: Ball 3-2: Fly out, F7 (Flyball, 7D, EV 98.8 MPH)
|
|
Batting: RHB Manny Ramirez
|
0-0: Ball 1-0: Ball 2-0: Ball 3-0: Called Strike 3-1: Called Strike 3-2: Strikes out swinging
|
| Top of the 1st over - 0 runs, 0 hits, 0 errors, 0 left on base; San Diego 0 - Toronto 0 |
| BOTTOM OF THE 1ST |
|
Toronto Blue Jays batting - Pitching for San Diego Padres : RHP Sean Bergman
|
|
Pitching: RHP Sean Bergman
|
|
|
Batting: SHB Felix Jose
|
0-0: Ball 1-0: DOUBLE (Line Drive, 89M, EV 112.5 MPH)
|
|
Batting: RHB Derek Jeter
|
0-0: Fly out, F7 (Flyball, 7, EV 83.1 MPH)
|
|
Batting: LHB Will Clark
|
0-0: Called Strike 0-1: Ball 1-1: Foul Ball, location: 2F 1-2: Ground out 4-3 (Groundball, 4, EV 89.4 MPH) Felix Jose to third
|
|
Batting: RHB Mark McGwire
|
0-0: Called Strike 0-1: Ball 1-1: Swinging Strike 1-2: Foul Ball, location: 2F 1-2: Strikes out looking
|
| Bottom of the 1st over - 0 runs, 1 hit, 0 errors, 1 left on base; San Diego 0 - Toronto 0 |
| TOP OF THE 2ND |
|
San Diego Padres batting - Pitching for Toronto Blue Jays : RHP Hipolito Pichardo
|
|
Batting: SHB Tony Clark
|
0-0: Ball 1-0: DOUBLE (Flyball, 78D, EV 88.8 MPH)
|
|
Batting: LHB Jim Edmonds
|
0-0: Called Strike 0-1: Ball 1-1: Swinging Strike 1-2: Foul Ball, location: 2F 1-2: Ball 2-2: Foul Ball, location: 2F 2-2: Fly out, F2 (Popup, 2RF, EV 92.5 MPH)
|
|
Batting: RHB Jeff Conine
|
0-0: Called Strike 0-1: Fly out, F3 (Popup, 3SF, EV 71.9 MPH)
|
|
Batting: LHB Ed Taubensee
|
0-0: Foul Ball, location: 2F 0-1: Swinging Strike 0-2: Ball 1-2: Ball 2-2: Strikes out swinging
|
| Top of the 2nd over - 0 runs, 1 hit, 0 errors, 1 left on base; San Diego 0 - Toronto 0 |
| BOTTOM OF THE 2ND |
|
Toronto Blue Jays batting - Pitching for San Diego Padres : RHP Sean Bergman
|
|
Batting: RHB Ellis Burks
|
0-0: Foul Ball, location: 2F 0-1: Fly out, F7 (Flyball, 7D, EV 97.5 MPH)
|
|
Batting: RHB Dean Palmer
|
0-0: Called Strike 0-1: Ground out 3-1 (Groundball, 34, EV 96.3 MPH)
|
|
Batting: RHB Hector Villanueva
|
0-0: Ball 1-0: Ball 2-0: Ground out 6-3 (Groundball, 56, EV 83.8 MPH)
|
| Bottom of the 2nd over - 0 runs, 0 hits, 0 errors, 0 left on base; San Diego 0 - Toronto 0 |
| TOP OF THE 3RD |
|
San Diego Padres batting - Pitching for Toronto Blue Jays : RHP Hipolito Pichardo
|
|
Batting: RHB Craig Grebeck
|
0-0: Fly out, F8 (Flyball, 8LXD, EV 86.3 MPH)
|
|
Batting: LHB Darryl Hamilton
|
0-0: Reached on error, E4 (Groundball, 34D, EV 102.5 MPH)
|
|
Batting: RHB Jeff Frye
|
0-0: Called Strike 0-1: Ball 1-1: Ball 2-1: Foul Ball, location: 2F 2-2: Fly out, F9 (Line Drive, 9S, EV 93.1 MPH)
|
|
Batting: RHB Carlos Quintana
|
0-0: Ball 1-0: Called Strike Darryl Hamilton steals 2nd base (no throw) 1-1: Called Strike 1-2: Ball 2-2: Ball 3-2: Strikes out looking
|
| Top of the 3rd over - 0 runs, 0 hits, 1 error, 1 left on base; San Diego 0 - Toronto 0 |
| BOTTOM OF THE 3RD |
|
Toronto Blue Jays batting - Pitching for San Diego Padres : RHP Sean Bergman
|
|
Batting: SHB Tony Fernandez
|
0-0: Ball 1-0: Fly out, F9 (Flyball, 9, EV 84.4 MPH)
|
|
Batting: LHB Lance Johnson
|
0-0: Ball 1-0: Foul Ball, location: 2F 1-1: Called Strike 1-2: Foul Ball, location: 2F 1-2: Fly out, F9 (Line Drive, 9, EV 100.0 MPH)
|
|
Batting: SHB Felix Jose
|
0-0: Ball 1-0: Ball 2-0: Called Strike 2-1: Ground out 4-3 (Groundball, 4MS, EV 70.6 MPH)
|
| Bottom of the 3rd over - 0 runs, 0 hits, 0 errors, 0 left on base; San Diego 0 - Toronto 0 |
| TOP OF THE 4TH |
|
San Diego Padres batting - Pitching for Toronto Blue Jays : RHP Hipolito Pichardo
|
|
Batting: RHB Manny Ramirez
|
0-0: Foul Ball, location: 2F 0-1: Foul Ball, location: 2F 0-2: Ball 1-2: Ball 2-2: Foul Ball, location: 2F 2-2: Ball 3-2: Fly out, F8 (Flyball, 8LM, EV 86.3 MPH)
|
|
Batting: SHB Tony Clark
|
0-0: Swinging Strike 0-1: Ball 1-1: Ball 2-1: Ball 3-1: Base on Balls
|
|
Batting: LHB Jim Edmonds
|
0-0: DOUBLE (Groundball, 3L, EV 103.8 MPH) Tony Clark to third Runner from 3rd tries for Home, throw by RF and OUT! 9-4-2 Jim Edmonds to third
|
|
Batting: RHB Jeff Conine
|
0-0: SINGLE (Groundball, 6MD, EV 105.6 MPH) Jim Edmonds scores
|
|
Batting: LHB Ed Taubensee
|
0-0: Called Strike 0-1: Foul Ball, location: 2F 0-2: Fly out, F6 (Popup, 56, EV 61.9 MPH)
|
| Top of the 4th over - 1 run, 2 hits, 0 errors, 1 left on base; San Diego 1 - Toronto 0 |
| BOTTOM OF THE 4TH |
|
Toronto Blue Jays batting - Pitching for San Diego Padres : RHP Sean Bergman
|
|
Batting: RHB Derek Jeter
|
0-0: Called Strike 0-1: Ball 1-1: Foul Ball, location: 2F 1-2: Ball 2-2: Ground out 5-3 (Groundball, 56S, EV 65.0 MPH)
|
|
Batting: LHB Will Clark
|
0-0: Foul Ball, location: 2F 0-1: SINGLE (Groundball, 34D, EV 101.3 MPH)
|
|
Batting: RHB Mark McGwire
|
0-0: Ball 1-0: Foul Ball, location: 2F 1-1: 2-RUN HOME RUN (Flyball, 9D, EV 103.8 MPH), Distance : 375 ft
|
|
Batting: RHB Ellis Burks
|
0-0: Ball 1-0: Ball 2-0: Swinging Strike 2-1: Ball 3-1: Swinging Strike 3-2: Foul Ball, location: 2F 3-2: Foul Ball, location: 2F 3-2: Foul Ball, location: 2F 3-2: Foul Ball, location: 2F 3-2: SINGLE (Groundball, 6D, EV 98.8 MPH)
|
|
Batting: RHB Dean Palmer
|
0-0: Called Strike 0-1: Foul Ball, location: 2F 0-2: Ball 1-2: Ball 2-2: Ball 3-2: Foul Ball, location: 2F 3-2: Base on Balls Ellis Burks to second
|
|
Batting: RHB Hector Villanueva
|
0-0: Ball 1-0: Called Strike 1-1: Ball 2-1: Ball 3-1: Base on Balls Ellis Burks to third Dean Palmer to second
|
|
Batting: SHB Tony Fernandez
|
0-0: Fielders Choice at 2nd, 6-4 (Groundball, 6M, EV 105.6 MPH) Ellis Burks scores Dean Palmer to third
|
|
Batting: LHB Lance Johnson
|
0-0: Called Strike 0-1: Called Strike 0-2: Ball 1-2: Ball 2-2: Foul Ball, location: 2F 2-2: Ball 3-2: Fly out, F8 (Line Drive, 8LD, EV 88.8 MPH)
|
| Bottom of the 4th over - 3 runs, 3 hits, 0 errors, 2 left on base; San Diego 1 - Toronto 3 |
| TOP OF THE 5TH |
|
San Diego Padres batting - Pitching for Toronto Blue Jays : RHP Hipolito Pichardo
|
|
Batting: RHB Craig Grebeck
|
0-0: Ball 1-0: Fly out, F8 (Flyball, 8RM, EV 81.3 MPH)
|
|
Batting: LHB Darryl Hamilton
|
0-0: Ball 1-0: Foul Ball, location: 2F 1-1: Ball 2-1: SINGLE (Groundball, 4MD, EV 110.6 MPH)
|
|
Batting: RHB Jeff Frye
|
0-0: Ball 1-0: Called Strike 1-1: Ball 2-1: Fly out, F4 (Line Drive, 4, EV 75.6 MPH)
|
|
Batting: RHB Carlos Quintana
|
0-0: Ball 1-0: Foul Ball, location: 2F 1-1: Ball 2-1: Foul Ball, location: 2F 2-2: Foul Ball, location: 2F 2-2: SINGLE (Flyball, 7S, EV 97.5 MPH) Darryl Hamilton to second Darryl Hamilton to third
|
|
Batting: RHB Manny Ramirez
|
0-0: Foul Ball, location: 2F 0-1: Ball 1-1: Foul Ball, location: 2F 1-2: Ground out U3 (Groundball, 3S, EV 80.0 MPH)
|
| Top of the 5th over - 0 runs, 2 hits, 0 errors, 2 left on base; San Diego 1 - Toronto 3 |
| BOTTOM OF THE 5TH |
|
Toronto Blue Jays batting - Pitching for San Diego Padres : RHP Sean Bergman
|
|
Batting: SHB Felix Jose
|
0-0: Ball 1-0: Fly out, F9 (Line Drive, 9D, EV 94.4 MPH)
|
|
Batting: RHB Derek Jeter
|
0-0: Ball 1-0: Called Strike 1-1: Ground out 6-3 (Groundball, 6S, EV 61.3 MPH)
|
|
Batting: LHB Will Clark
|
0-0: Called Strike 0-1: Ball 1-1: Foul Ball, location: 2F 1-2: Ball 2-2: Ground out 4-3 (Groundball, 4, EV 106.9 MPH)
|
| Bottom of the 5th over - 0 runs, 0 hits, 0 errors, 0 left on base; San Diego 1 - Toronto 3 |
| TOP OF THE 6TH |
|
San Diego Padres batting - Pitching for Toronto Blue Jays : RHP Hipolito Pichardo
|
|
Batting: SHB Tony Clark
|
0-0: Ball 1-0: Called Strike 1-1: Called Strike 1-2: Ball 2-2: DOUBLE (Flyball, 78D, EV 98.8 MPH)
|
|
Batting: LHB Jim Edmonds
|
0-0: Ground out U3 (Groundball, 3, EV 88.8 MPH) Tony Clark to third
|
|
Batting: RHB Jeff Conine
|
0-0: Called Strike 0-1: Swinging Strike 0-2: Ball 1-2: Ground out 4-3 (Groundball, 4, EV 102.5 MPH) Tony Clark scores
|
|
Batting: LHB Ed Taubensee
|
0-0: Swinging Strike 0-1: Foul Ball, location: 2F 0-2: Ground out 5-3 (Groundball, 56S, EV 83.1 MPH)
|
| Top of the 6th over - 1 run, 1 hit, 0 errors, 0 left on base; San Diego 2 - Toronto 3 |
| BOTTOM OF THE 6TH |
|
Toronto Blue Jays batting - Pitching for San Diego Padres : RHP Sean Bergman
|
|
Batting: RHB Mark McGwire
|
0-0: Ball 1-0: Foul Ball, location: 2F 1-1: Ball 2-1: Called Strike 2-2: Foul Ball, location: 2F 2-2: Ball 3-2: Foul Ball, location: 2F 3-2: Foul Ball, location: 2F 3-2: Foul Ball, location: 2F 3-2: Base on Balls
|
|
Batting: RHB Ellis Burks
|
0-0: Ball 1-0: Swinging Strike 1-1: Foul Ball, location: 2F 1-2: Ball 2-2: Ball 3-2: Strikes out swinging
|
|
Batting: RHB Dean Palmer
|
0-0: Fielders Choice at 2nd, 4-6 (Groundball, 4, EV 83.8 MPH)
|
|
Batting: RHB Hector Villanueva
|
0-0: Ball 1-0: 2-RUN HOME RUN (Flyball, 78XD, EV 110.6 MPH), Distance : 391 ft
|
|
Batting: SHB Tony Fernandez
|
0-0: SINGLE (Flyball, 7LS, EV 85.6 MPH)
|
|
Pitching: RHP Calvin Schiraldi
|
|
|
Batting: LHB Lance Johnson
|
0-0: Called Strike 0-1: SINGLE (Line Drive, 9S, EV 102.5 MPH) Tony Fernandez to second
|
|
Batting: SHB Felix Jose
|
0-0: Ball 1-0: Ball 2-0: Ball 3-0: Base on Balls Tony Fernandez to third Lance Johnson to second
|
|
Batting: RHB Derek Jeter
|
0-0: Foul Ball, location: 2F 0-1: Called Strike 0-2: Foul Ball, location: 2F 0-2: Ball 1-2: Ball 2-2: Ball 3-2: Foul Ball, location: 2F 3-2: Base on Balls Tony Fernandez scores Lance Johnson to third Felix Jose to second
|
|
Batting: LHB Will Clark
|
0-0: Ball 1-0: Foul Ball, location: 2F 1-1: Ball 2-1: DOUBLE (Line Drive, 9LD, EV 108.8 MPH) Lance Johnson scores Felix Jose scores Derek Jeter to third Runner from 3rd tries for Home, throw by RF and OUT! 9-4-2
|
| Bottom of the 6th over - 5 runs, 4 hits, 0 errors, 1 left on base; San Diego 2 - Toronto 8 |
| TOP OF THE 7TH |
|
San Diego Padres batting - Pitching for Toronto Blue Jays : RHP Hipolito Pichardo
|
|
Batting: RHB Craig Grebeck
|
0-0: Ball 1-0: Ball 2-0: Foul Ball, location: 2F 2-1: Foul Ball, location: 2F 2-2: Ball 3-2: Foul Ball, location: 2F 3-2: Foul Ball, location: 2F 3-2: Ground out 6-3 (Groundball, 6S, EV 88.1 MPH)
|
|
Batting: LHB Darryl Hamilton
|
0-0: Ball 1-0: Ball 2-0: Swinging Strike 2-1: Called Strike 2-2: Fly out, F3 (Popup, 34, EV 74.4 MPH)
|
|
Batting: RHB Jeff Frye
|
0-0: Ball 1-0: Foul Ball, location: 2F 1-1: Ball 2-1: Ball 3-1: Foul Ball, location: 2F 3-2: Base on Balls
|
|
Pitching: RHP Jim Corsi
|
|
|
Batting: RHB Carlos Quintana
|
0-0: Ground out 2-3 (Groundball, 2L, EV 61.3 MPH)
|
| Top of the 7th over - 0 runs, 0 hits, 0 errors, 1 left on base; San Diego 2 - Toronto 8 |
| BOTTOM OF THE 7TH |
|
Toronto Blue Jays batting - Pitching for San Diego Padres : RHP Calvin Schiraldi
|
|
Batting: RHB Mark McGwire
|
0-0: Called Strike 0-1: Ball 1-1: Swinging Strike 1-2: Ball 2-2: Strikes out swinging
|
|
Batting: RHB Ellis Burks
|
0-0: Ball 1-0: Called Strike 1-1: Ball 2-1: Called Strike 2-2: Ball 3-2: Base on Balls
|
|
Batting: RHB Dean Palmer
|
0-0: Ball 1-0: Ball 2-0: Called Strike 2-1: Ground out 6-3 (Groundball, 4MS, EV 68.1 MPH) Ellis Burks to second
|
|
Batting: RHB Hector Villanueva
|
0-0: Ball 1-0: Foul Ball, location: 2F 1-1: Swinging Strike 1-2: Ball 2-2: Ball 3-2: Foul Ball, location: 2F 3-2: 2-RUN HOME RUN (Line Drive, 7D, EV 98.8 MPH), Distance : 371 ft
|
|
Batting: SHB Tony Fernandez
|
0-0: Ball 1-0: Foul Ball, location: 2F 1-1: Swinging Strike 1-2: Ground out 6-3 (Groundball, 56, EV 87.5 MPH)
|
| Bottom of the 7th over - 2 runs, 1 hit, 0 errors, 0 left on base; San Diego 2 - Toronto 10 |
| TOP OF THE 8TH |
|
San Diego Padres batting - Pitching for Toronto Blue Jays : RHP Jim Corsi
|
|
Batting: RHB Manny Ramirez
|
0-0: Called Strike 0-1: Ball 1-1: Fly out, F7 (Flyball, 7, EV 87.5 MPH)
|
|
Batting: SHB Tony Clark
|
0-0: Ball 1-0: Called Strike 1-1: Foul Ball, location: 2F 1-2: Strikes out looking
|
|
Batting: LHB Jim Edmonds
|
0-0: Ball 1-0: Called Strike 1-1: Foul Ball, location: 2F 1-2: Ball 2-2: Strikes out swinging
|
| Top of the 8th over - 0 runs, 0 hits, 0 errors, 0 left on base; San Diego 2 - Toronto 10 |
| BOTTOM OF THE 8TH |
|
Toronto Blue Jays batting - Pitching for San Diego Padres : RHP Calvin Schiraldi
|
|
Batting: LHB Lance Johnson
|
0-0: Called Strike 0-1: Foul Ball, location: 2F 0-2: Ball 1-2: Ground out U3 (Groundball, 3, EV 101.3 MPH)
|
|
Batting: SHB Felix Jose
|
0-0: Ball 1-0: Swinging Strike 1-1: Ground out 6-3 (Groundball, 6, EV 95.0 MPH)
|
|
Batting: RHB Derek Jeter
|
0-0: Ball 1-0: Called Strike 1-1: Ball 2-1: Ball 3-1: Fly out, F7 (Flyball, 7LS, EV 80.6 MPH)
|
| Bottom of the 8th over - 0 runs, 0 hits, 0 errors, 0 left on base; San Diego 2 - Toronto 10 |
| TOP OF THE 9TH |
|
San Diego Padres batting - Pitching for Toronto Blue Jays : RHP Jim Corsi
|
|
Batting: RHB Jeff Conine
|
0-0: Fly out, F8 (Line Drive, 8LD, EV 92.5 MPH)
|
|
Batting: LHB Ed Taubensee
|
0-0: Swinging Strike 0-1: Fly out, F7 (Flyball, 7S, EV 93.1 MPH)
|
|
Batting: RHB Craig Grebeck
|
0-0: Ball 1-0: Ball 2-0: Foul Ball, location: 2F 2-1: Called Strike 2-2: Ball 3-2: Base on Balls
|
|
Batting: LHB Darryl Hamilton
|
0-0: Foul Ball, location: 2F 0-1: Ball 1-1: Ball 2-1: Foul Ball, location: 2F 2-2: SINGLE (Line Drive, 4MD, EV 100.0 MPH) Craig Grebeck to second
|
|
Batting: RHB Jeff Frye
|
0-0: Called Strike 0-1: Fielders Choice at 2nd, 5-4 (Groundball, 56, EV 93.8 MPH)
|
| Top of the 9th over - 0 runs, 1 hit, 0 errors, 2 left on base; San Diego 2 - Toronto 10 |
|